AAA EAST
WORCESTER RED SOX @ LEHIGH VALLEY IRONPIGS
07/30/2041
 
TOP OF THE 1ST
Worcester Red Sox batting - Pitching for Lehigh Valley IronPigs : RHP Jon Jones
Pitching: RHP Jon Jones
Batting: RHB Ron Walker 0-0: Ball
1-0: Called Strike
1-1: Swinging Strike
1-2: DOUBLE (Flyball, 78D, EV 101.9 MPH)
Batting: RHB Norm Nelson 0-0: Ball
1-0: Ball
2-0: Ball
3-0: Foul Ball, location: 9LDF
3-1: Foul Ball, location: 2F
3-2: Fly out, F4 (Popup, 4, EV 66.3 MPH)
Batting: LHB Doug Cunningham 0-0: Ball
1-0: Swinging Strike
1-1: Ball
2-1: Ball
3-1: Base on Balls
Batting: LHB Ernesto Mata 0-0: Ball
1-0: Ball
2-0: Foul Ball, location: 7LDF
2-1: Ball
3-1: Fly out, F8 (Flyball, 78S, EV 85.6 MPH)
Batting: RHB Bob Robinson 0-0: Ball
1-0: Called Strike
1-1: Swinging Strike
1-2: Ball
2-2: Fly out, F8 (Flyball, 8LS, EV 83.1 MPH)
Top of the 1st over - 0 runs, 1 hit, 0 errors, 2 left on base; Worcester 0 - Lehigh Valley 0
BOTTOM OF THE 1ST
Lehigh Valley IronPigs batting - Pitching for Worcester Red Sox : RHP Mohsin Hashemi
Pitching: RHP Mohsin Hashemi
Batting: SHB Víctor Barrón 0-0: Ball
1-0: Foul Ball, location: 2F
1-1: Ball
2-1: Foul Ball, location: 7LSF
2-2: Fly out, F7 (Flyball, 78S, EV 88.1 MPH)
Batting: LHB Don Ross 0-0: Ball
1-0: Called Strike
1-1: Called Strike
1-2: Ball
2-2: Ground out 4-3 (Groundball, 4, EV 106.3 MPH)
Batting: RHB Tony Kelley 0-0: Ground out 6-3 (Groundball, 6, EV 109.4 MPH)
Bottom of the 1st over - 0 runs, 0 hits, 0 errors, 0 left on base; Worcester 0 - Lehigh Valley 0
TOP OF THE 2ND
Worcester Red Sox batting - Pitching for Lehigh Valley IronPigs : RHP Jon Jones
Batting: SHB Rubén Díaz 0-0: Ball
1-0: Ball
2-0: Called Strike
2-1: Fly out, F9 (Flyball, 9S, EV 91.9 MPH)
Batting: RHB Jeremy Johns 0-0: Called Strike
0-1: Foul Ball, location: 5FF
0-2: Ball
1-2: Strikes out looking
Batting: RHB Mike Melton 0-0: Foul Ball, location: 5F
0-1: Ball
1-1: Ball
2-1: Ground out 6-3 (Groundball, 6, EV 91.9 MPH)
Top of the 2nd over - 0 runs, 0 hits, 0 errors, 0 left on base; Worcester 0 - Lehigh Valley 0
BOTTOM OF THE 2ND
Lehigh Valley IronPigs batting - Pitching for Worcester Red Sox : RHP Mohsin Hashemi
Batting: LHB José Velasco 0-0: Foul Ball, location: 2F
0-1: Ball
1-1: Ball
2-1: Ball
3-1: Called Strike
3-2: Foul Ball, location: 25F
3-2: Base on Balls
Batting: RHB Don Rivas 0-0: Ball
1-0: Called Strike
1-1: Ball
2-1: Ball
3-1: Base on Balls
José Velasco to second
Batting: RHB Riccardo Gabrieli 0-0: Ball
1-0: Grounds out, U3 (Groundball, 3L, EV 91.3 MPH)
José Velasco to third
Batting: RHB José López 0-0: Ball
1-0: Ball
2-0: Ball
3-0: Called Strike
3-1: Called Strike
3-2: Fly out, F7 (Flyball, 78S, EV 75.6 MPH)
Batting: RHB Tim Ash 0-0: Ball
1-0: Ball
2-0: Ball
3-0: Called Strike
3-1: Foul Ball, location: 9LMF
3-2: Foul Ball, location: 3F
3-2: Ground out 6-3 (Groundball, 6M, EV 80.0 MPH)
Bottom of the 2nd over - 0 runs, 0 hits, 0 errors, 2 left on base; Worcester 0 - Lehigh Valley 0
TOP OF THE 3RD
Worcester Red Sox batting - Pitching for Lehigh Valley IronPigs : RHP Jon Jones
Batting: RHB Jeremiah Price 0-0: Called Strike
0-1: Fly out, F7 (Flyball, 78D, EV 98.8 MPH)
Batting: RHB Ron Walker 0-0: Ground out 4-3 (Groundball, 4S, EV 64.4 MPH)
Batting: RHB Norm Nelson 0-0: Ball
1-0: Ball
2-0: Ball
3-0: Called Strike
3-1: Base on Balls
Batting: LHB Doug Cunningham 0-0: Called Strike
0-1: 2-RUN HOME RUN (Flyball, 9LD, EV 91.9 MPH), Distance : 349 ft
Batting: LHB Ernesto Mata 0-0: Ball
1-0: Ball
2-0: Ball
3-0: Base on Balls
Batting: RHB Bob Robinson 0-0: Foul Ball, location: 9LMF
0-1: Ball
1-1: Ball
2-1: Foul Ball, location: 2F
2-2: Fly out, F9 (Flyball, 9S, EV 78.8 MPH)
Top of the 3rd over - 2 runs, 1 hit, 0 errors, 1 left on base; Worcester 2 - Lehigh Valley 0
BOTTOM OF THE 3RD
Lehigh Valley IronPigs batting - Pitching for Worcester Red Sox : RHP Mohsin Hashemi
Batting: RHB Juan Rivera 0-0: Called Strike
0-1: Ball
1-1: Fly out, F1 (Popup, 13, EV 79.4 MPH)
Batting: SHB Víctor Barrón 0-0: Ground out 4-3 (Groundball, 34D, EV 95.0 MPH)
Batting: LHB Don Ross 0-0: Foul Ball, location: 2F
0-1: Ground out 4-3 (Groundball, 4, EV 108.1 MPH)
Bottom of the 3rd over - 0 runs, 0 hits, 0 errors, 0 left on base; Worcester 2 - Lehigh Valley 0
TOP OF THE 4TH
Worcester Red Sox batting - Pitching for Lehigh Valley IronPigs : RHP Jon Jones
Batting: SHB Rubén Díaz 0-0: Called Strike
0-1: Ball
1-1: Ground out 5-3 (Groundball, 56S, EV 88.8 MPH)
Batting: RHB Jeremy Johns 0-0: Ball
1-0: Ball
2-0: Foul Ball, location: 5FF
2-1: Foul Ball, location: 9LSF
2-2: Ball
3-2: Base on Balls
Batting: RHB Mike Melton 0-0: Ball
1-0: Called Strike
1-1: Foul Ball, location: 2F
1-2: Strikes out swinging
Batting: RHB Jeremiah Price 0-0: DOUBLE (Flyball, 8RXD, EV 104.4 MPH)
Jeremy Johns to third
Batting: RHB Ron Walker 0-0: Called Strike
0-1: Ball
1-1: Ball
2-1: Ball
3-1: Base on Balls
Batting: RHB Norm Nelson 0-0: Called Strike
0-1: Swinging Strike
0-2: Ball
1-2: Ball
2-2: Strikes out swinging
Top of the 4th over - 0 runs, 1 hit, 0 errors, 3 left on base; Worcester 2 - Lehigh Valley 0
BOTTOM OF THE 4TH
Lehigh Valley IronPigs batting - Pitching for Worcester Red Sox : RHP Mohsin Hashemi
Batting: RHB Tony Kelley 0-0: Ground out 6-3 (Groundball, 6, EV 76.9 MPH)
Batting: LHB José Velasco 0-0: Called Strike
0-1: Ball
1-1: Ground out 1-3 (Groundball, 23, EV 61.9 MPH)
Batting: RHB Don Rivas 0-0: Called Strike
0-1: Ball
1-1: Called Strike
1-2: Foul Ball, location: 2F
1-2: SINGLE (Line Drive, 6M, EV 108.1 MPH)
Batting: RHB Riccardo Gabrieli 0-0: Called Strike
Don Rivas is caught stealing 2nd base 2-4
Bottom of the 4th over - 0 runs, 1 hit, 0 errors, 0 left on base; Worcester 2 - Lehigh Valley 0
TOP OF THE 5TH
Worcester Red Sox batting - Pitching for Lehigh Valley IronPigs : RHP Jon Jones
Batting: LHB Doug Cunningham 0-0: Fly out, F8 (Flyball, 8RM, EV 98.8 MPH)
Batting: LHB Ernesto Mata 0-0: Fly out, F9 (Flyball, 89D, EV 104.4 MPH)
Batting: RHB Bob Robinson 0-0: Ball
1-0: Ball
2-0: Called Strike
2-1: Foul Ball, location: 25F
2-2: Strikes out swinging
Top of the 5th over - 0 runs, 0 hits, 0 errors, 0 left on base; Worcester 2 - Lehigh Valley 0
BOTTOM OF THE 5TH
Lehigh Valley IronPigs batting - Pitching for Worcester Red Sox : RHP Mohsin Hashemi
Batting: RHB Riccardo Gabrieli 0-0: Ball
1-0: Foul Ball, location: 9LMF
1-1: Fly out, F8 (Flyball, 89D, EV 96.3 MPH)
Batting: RHB José López 0-0: Ball
1-0: Ball
2-0: SINGLE (Groundball, 56D, EV 101.3 MPH)
Batting: RHB Tim Ash 0-0: Ball
José López is caught stealing 2nd base 2-4
1-0: Fly out, F8 (Flyball, 8LM, EV 76.9 MPH)
Bottom of the 5th over - 0 runs, 1 hit, 0 errors, 0 left on base; Worcester 2 - Lehigh Valley 0
TOP OF THE 6TH
Worcester Red Sox batting - Pitching for Lehigh Valley IronPigs : RHP Jon Jones
Pitching: RHP Pancho Baca
Batting: SHB Rubén Díaz 0-0: Called Strike
0-1: Foul Ball, location: 7LDF
0-2: Ball
1-2: Foul Ball, location: 2F
1-2: SINGLE (Groundball, 34S, EV 71.3 MPH) (infield hit)
Batting: RHB Jeremy Johns 0-0: Sac Bunt to 13 - play at first, batter OUT! 1-3
Rubén Díaz to second
Batting: RHB Mike Melton 0-0: Called Strike
0-1: Ball
1-1: Called Strike
1-2: Foul Ball, location: 9LMF
1-2: Foul Ball, location: 25FF
1-2: Strikes out swinging
Batting: RHB Jeremiah Price 0-0: Called Strike
0-1: Ground out 6-3 (Groundball, 6, EV 81.9 MPH)
Top of the 6th over - 0 runs, 1 hit, 0 errors, 1 left on base; Worcester 2 - Lehigh Valley 0
BOTTOM OF THE 6TH
Lehigh Valley IronPigs batting - Pitching for Worcester Red Sox : RHP Mohsin Hashemi
Batting: RHB Juan Rivera 0-0: Ball
1-0: Ball
2-0: Foul Ball, location: 2F
2-1: Foul Ball, location: 5DF
2-2: Strikes out swinging
Batting: SHB Víctor Barrón 0-0: Ball
1-0: Foul Ball, location: 25FF
1-1: Fly out, F8 (Flyball, 8LD, EV 105.6 MPH)
Batting: LHB Don Ross 0-0: Ball
1-0: Foul Ball, location: 2F
1-1: Called Strike
1-2: Ball
2-2: Foul Ball, location: 5FF
2-2: Fly out, F7 (Flyball, 78M, EV 91.3 MPH)
Bottom of the 6th over - 0 runs, 0 hits, 0 errors, 0 left on base; Worcester 2 - Lehigh Valley 0
TOP OF THE 7TH
Worcester Red Sox batting - Pitching for Lehigh Valley IronPigs : RHP Pancho Baca
Batting: RHB Ron Walker 0-0: Ground out 6-3 (Groundball, 6, EV 88.1 MPH)
Batting: RHB Norm Nelson 0-0: Ball
1-0: Ball
2-0: Called Strike
2-1: DOUBLE (Line Drive, 78XD, EV 106.9 MPH)
Batting: LHB Doug Cunningham 0-0: Ball
1-0: Called Strike
1-1: Ball
2-1: Foul Ball, location: 7LDF
2-2: Reached via error on a dropped throw from 1B, E1 (Groundball, 34, EV 85.0 MPH)
Norm Nelson to third
Pitching: LHP Steve Edwards
Batting: LHB Ernesto Mata 0-0: Called Strike
0-1: Foul Ball, location: 9LSF
0-2: Foul Ball, location: 3FF
0-2: Foul Ball, location: 2F
0-2: Ball
1-2: Ball
2-2: Ball
3-2: Foul Ball, location: 2F
3-2: Foul Ball, location: 2F
3-2: Strikes out swinging
Batting: RHB Bob Robinson 0-0: Ball
1-0: Ball
2-0: Ball
3-0: Called Strike
3-1: Called Strike
3-2: Ground out 4-3 (Groundball, 4, EV 101.3 MPH)
Top of the 7th over - 0 runs, 1 hit, 1 error, 2 left on base; Worcester 2 - Lehigh Valley 0
BOTTOM OF THE 7TH
Lehigh Valley IronPigs batting - Pitching for Worcester Red Sox : RHP Mohsin Hashemi
Batting: RHB Tony Kelley 0-0: Called Strike
0-1: Ball
1-1: Foul Ball, location: 2F
1-2: Ball
2-2: Ball
3-2: Foul Ball, location: 5F
3-2: Base on Balls
Batting: LHB José Velasco 0-0: Foul Ball, location: 2F
0-1: Called Strike
0-2: Grounds into double play, 4-6-3 (Groundball, 34D, EV 104.4 MPH)
Batting: RHB Don Rivas 0-0: Ball
1-0: Foul Ball, location: 2F
1-1: Ball
2-1: Ball
3-1: Swinging Strike
3-2: Foul Ball, location: 2LF
3-2: Strikes out looking
Bottom of the 7th over - 0 runs, 0 hits, 0 errors, 0 left on base; Worcester 2 - Lehigh Valley 0
TOP OF THE 8TH
Worcester Red Sox batting - Pitching for Lehigh Valley IronPigs : LHP Steve Edwards
Batting: SHB Rubén Díaz 0-0: Called Strike
0-1: Ball
1-1: Foul Ball, location: 2F
1-2: Ball
2-2: Ball
3-2: Foul Ball, location: 2F
3-2: Base on Balls
Batting: RHB Jeremy Johns 0-0: Ball
1-0: Sac Bunt to P - play at second, runner OUT! 1-6
Batting: RHB Mike Melton 0-0: Called Strike
0-1: Ball
1-1: Ball
2-1: Ball
3-1: Base on Balls
Jeremy Johns to second
Batting: RHB Jeremiah Price 0-0: Ball
1-0: Ball
2-0: Swinging Strike
2-1: Ball
3-1: Base on Balls
Jeremy Johns to third
Mike Melton to second
Batting: RHB Ron Walker 0-0: Ball
1-0: Called Strike
1-1: Foul Ball, location: 5F
1-2: SINGLE (Groundball, 4, EV 97.5 MPH) (infield hit)
Jeremy Johns scores
Mike Melton to third
Jeremiah Price to second
Batting: RHB Norm Nelson 0-0: Called Strike
0-1: Ball
1-1: Foul Ball, location: 3SF
1-2: Strikes out swinging
Pitching: RHP Artie White
Batting: LHB Doug Cunningham 0-0: Called Strike
0-1: Ball
1-1: Fielders Choice at 2nd, 6-4 (Groundball, 6, EV 81.9 MPH)
Top of the 8th over - 1 run, 1 hit, 0 errors, 3 left on base; Worcester 3 - Lehigh Valley 0
BOTTOM OF THE 8TH
Lehigh Valley IronPigs batting - Pitching for Worcester Red Sox : RHP Mohsin Hashemi
Batting: RHB Riccardo Gabrieli 0-0: Called Strike
0-1: Ball
1-1: Foul Ball, location: 25FF
1-2: Strikes out swinging
Batting: RHB José López 0-0: Foul Ball, location: 2F
0-1: Ground out 6-3 (Groundball, 6, EV 98.8 MPH)
Batting: RHB Tim Ash 0-0: Foul Ball, location: 9LDF
0-1: Ball
1-1: Ball
2-1: Ball
3-1: Foul Ball, location: 25F
3-2: Strikes out swinging
Bottom of the 8th over - 0 runs, 0 hits, 0 errors, 0 left on base; Worcester 3 - Lehigh Valley 0
TOP OF THE 9TH
Worcester Red Sox batting - Pitching for Lehigh Valley IronPigs : RHP Artie White
Batting: LHB Ernesto Mata 0-0: Called Strike
0-1: Ball
1-1: Fly out, F8 (Flyball, 8LXD, EV 111.3 MPH)
Batting: RHB Bob Robinson 0-0: Called Strike
0-1: Ball
1-1: Foul Ball, location: 23FF
1-2: Ball
2-2: Ball
3-2: Strikes out looking
Batting: SHB Rubén Díaz 0-0: Ball
1-0: Ball
2-0: Ball
3-0: Called Strike
3-1: Foul Ball, location: 2F
3-2: Fly out, F8 (Flyball, 8LD, EV 105.0 MPH)
Top of the 9th over - 0 runs, 0 hits, 0 errors, 0 left on base; Worcester 3 - Lehigh Valley 0
BOTTOM OF THE 9TH
Lehigh Valley IronPigs batting - Pitching for Worcester Red Sox : RHP Mohsin Hashemi
Pitching: RHP Manny Yan
Batting: RHB Juan Rivera 0-0: Ball
1-0: Ball
2-0: Ground out 1-3 (Groundball, 13S, EV 69.4 MPH)
Batting: SHB Víctor Barrón 0-0: Foul Ball, location: 7LSF
0-1: Ball
1-1: DOUBLE (Flyball, 9LM, EV 97.5 MPH)
Batting: LHB Don Ross 0-0: Called Strike
0-1: Ball
1-1: Swinging Strike
1-2: Ball
2-2: Strikes out swinging
Pinch Hitting: LHB Mike Brewer 0-0: Ball
1-0: Ball
2-0: Foul Ball, location: 5DF
2-1: Ball
3-1: Called Strike
3-2: Base on Balls
Batting: LHB José Velasco 0-0: Ball
1-0: Ball
2-0: Called Strike
2-1: Foul Ball, location: 23F
2-2: Fly out, F6 (Popup, 6, EV 60.0 MPH)
Bottom of the 9th over - 0 runs, 1 hit, 0 errors, 2 left on base; Worcester 3 - Lehigh Valley 0
Monday, April 1st , 2024 - OOTP Baseball 24.10 Build 82